 Dungeon Crawl Stone Soup version 0.30-a0-591-g3c58d2bc28 (webtiles) character file.

Game seed: 2157163829975660557

793 OTABOTABOTAB the Insei (level 7, -2/43 HPs)
             Began as an Octopode Transmuter on Jan 6, 2023.
             Slain by a gnoll
             ... wielding a +0 spear
              (8 damage)
             ... on level 4 of the Dungeon.
             The game lasted 00:09:13 (4813 turns).

OTABOTABOTAB the Insei (Octopode Transmuter)        Turns: 4813, Time: 00:09:14

Health: -2/43      AC:  2    Str:  9    XL:     7   Next: 88%
Magic:  14/19      EV: 19    Int: 18    God:
Gold:   145        SH:  0    Dex: 17    Spells: 0/10 levels left

rFire   . . .      SeeInvis .      - Unarmed
rCold   . . .      Faith    .    (shield currently unavailable)
rNeg    . . .      Spirit   .    (helmet currently unavailable)
rPois   x          Reflect  .    (no amulet)
rElec   .          Harm     .    X - ring of resist corrosion
rCorr   +          Rampage  .    l - ring of magical power {MP+9}
Will    .....                    (no ring)
Stlth   ++                       (no ring)
HPRegen 0.27/turn                (no ring)
MPRegen 0.16/turn                (no ring)
                                 (no ring)
                                 (no ring)

@: brilliant, spider-form, very slightly contaminated
A: venomous fangs, almost no armour, (amphibious), 8 rings, tiny, (camouflage
1), (gelatinous body 1), (nimble swimmer 1), (tentacles)
a: End Transformation


You were on level 4 of the Dungeon.
You were a venomous arachnid creature.
You visited 1 branch of the dungeon, and saw 4 of its levels.
You also visited: Sewer.

You collected 145 gold pieces.

Inventory:

Missiles
 c - 6 poisoned darts
 s - 20 stones
Armour
 e - a +0 buckler
   (You found it on level 1 of the Dungeon)
Jewellery
 l - a ring of magical power (right front leg) {MP+9}
   (You found it on level 2 of the Dungeon)
 X - a ring of resist corrosion (left front leg)
   (You found it on level 1 of the Dungeon)
Scrolls
 a - a scroll of blinking {unknown}
 b - 3 scrolls of teleportation {unknown}
 d - a scroll of noise {unknown}
 i - 2 scrolls of enchant armour {unknown}
 j - 2 scrolls of fear {unknown}
Potions
 f - 3 potions of cancellation
 g - a potion of berserk rage {unknown}
 m - a potion of mutation {unknown}
 o - a potion of invisibility {unknown}
 B - a potion of brilliance
 H - 2 potions of haste
 J - a potion of curing {@q1}
 M - a potion of magic
 P - a potion of lignification {!q}
 R - a potion of resistance


   Skills:
 - Level 1.0 Fighting
 - Level 2.0 Dodging
 + Level 6.2 Unarmed Combat
 - Level 2.0 Spellcasting
 + Level 5.6 Transmutations
 + Level 2.2 Ice Magic
 - Level 3.0 Poison Magic


You couldn't memorise any spells.
You knew the following spells:

 Your Spells              Type           Power      Damage    Failure   Level
a - Beastly Appendage     Tmut           66%        N/A       8%          1
b - Wereblood             Tmut           33%        N/A       10%         2
c - Spider Form           Tmut/Pois      26%        N/A       22%         3
d - Ice Form              Ice/Tmut       23%        N/A       56%         4

Your spell library contained the following spells:

 Spells                   Type           Power      Damage    Failure   Level
 Ensorcelled Hibernation  Hex/Ice        16%        N/A       36%         2
 Summon Small Mammal      Summ           8%         N/A       38%         1
 Call Canine Familiar     Summ           2%         N/A       69%         3
 Summon Guardian Golem    Hex/Summ       2%         N/A       69%         3
 Anguish                  Hex/Necr       1%         N/A       96%         4


Dungeon Overview and Level Annotations

Branches:
Dungeon (4/15)              Sewer (visited)
 Temple: D:4-7

Altars:
Dithmenos

Shops:
D:2 *   D:3 :


Innate Abilities, Weirdness & Mutations

You are a venomous arachnid creature.
You have poisonous fangs.
You are tiny and dextrous.
Your spellcasting is less reliable in this form.
Your armour is entirely melded.
You are incapable of wielding weapons or throwing items.
You cannot wear most types of armour.
((You are amphibious.))
You can wear up to eight rings at the same time.
((Your skin changes colour to match your surroundings (Stealth+).))
((Your rubbery body absorbs attacks. (AC +1, EV +1)))
((You are camouflaged when in or above water. (Stealth+)))
((You have tentacles for arms and can constrict up to eight enemies at once.))


Message History

You hit Menkaure but do no damage.
Menkaure calls on the powers of darkness!
Your body is wracked with pain!
You take 24 damage, and have 27/51 hp.
MASSIVE DAMAGE!!
You punch Menkaure! You freeze Menkaure. Menkaure hits you.
You take 5 damage, and have 22/51 hp.
You hit Menkaure. Menkaure closely misses you.
Menkaure gestures at you while chanting.
Pain shoots through your body!
You take 1 damage, and have 21/51 hp.
You punch Menkaure!
You destroy Menkaure!
Your Unarmed Combat skill increases to level 6!
Your Ice Magic skill increases to level 2!
Unknown command.
You warm up again.
You now have 19/43 hp.
You start resting.
Health restored: 43; MP restored: 19 You start waiting.
Done waiting.
a - a scroll labelled ATWI ES OSOIZO You see here a +0 club.
You open the door.
There is an open door here.
You now have 119 gold pieces (gained 8).
You open the door.
There is an open door here.
Found an escape hatch in the floor.
s - 20 stones (gained 4)
You now have 128 gold pieces (gained 9).
You open the door.
There is an open door here.
You now have enough gold to buy 3 scrolls of identify on D:2.
You now have 145 gold pieces (gained 17).
There is an open door here.
You open the door.
There is an open door here.
You open the door. 3 gnolls come into view.
The gnoll shouts!
The gnoll moves out of view.
There are monsters nearby!
There are monsters nearby!
You turn into a venomous arachnid creature.
A hound comes into view.
A gnoll comes into view. It is wielding a +0 flail.
The hound moves out of view.
You now have 16/19 mp.
Found a stone staircase leading down.
Your transformation is almost over.
The gnoll closely misses you. The gnoll closely misses you.
You hit the gnoll.
The gnoll is poisoned.
The gnoll hits you from afar with a +0 spear.
The gnoll misses you.
You take 5 damage, and have 38/43 hp.
You barely miss the gnoll. The gnoll hits you but does no damage.
The gnoll barely misses you. x2
You bite the gnoll!
You kill the gnoll!
Your transformation has ended.
The gnoll hits you with a +0 flail.
The gnoll hits you from afar with a +0 spear.
You take 2 damage, and have 36/43 hp.
You barely miss the gnoll. Your grab misses the gnoll. You bludgeon the gnoll!
You grab the gnoll. You constrict the gnoll.
The gnoll struggles to escape constriction.
The gnoll hits you with a +0 club. The gnoll barely misses you.
You take 5 damage, and have 31/43 hp.
MP restored: 19 You tentacle-slap the gnoll.
You kill the gnoll!
The gnoll hits you from afar with a +0 spear.
The gnoll hits you with a +0 club!
You take 14 damage, and have 17/43 hp.
MASSIVE DAMAGE!!
You miscast Spider Form.
You are very lightly contaminated with residual magic.
Nothing appears to happen.
The gnoll hits you with a +0 club!
* * * LOW HITPOINT WARNING * * *
The gnoll barely misses you.
You take 8 damage, and have 9/43 hp.
You now have 16/19 mp.
You turn into a venomous arachnid creature.
The gnoll completely misses you. The gnoll closely misses you.
You now have 13/19 mp.
You hit the gnoll.
The gnoll is poisoned.
The gnoll misses you. The gnoll closely misses you.
You bite the gnoll!
You kill the gnoll!
The gnoll hits you from afar with a +0 spear.
* * * LOW HITPOINT WARNING * * *
You take 5 damage, and have 5/43 hp.
Found a stone staircase leading up.
It was a potion of brilliance.
You feel clever all of a sudden.
B - a potion of brilliance The gnoll hits you from afar with a +0 spear!
You die...

..........##.##
############.##.....<...
..............#.........
..............#.>.......
..............#.......
.####.##.###..#......
#####.##.###+##....#
..............#....#
..............#.s..#
..............#....#
..............#)g..#
...##....###..#.)).##
...##....###..#.....#
...#..........#.....#
...#..........#.....+
########..#####.....#
..###.##..###....####


You could see a gnoll.

Vanquished Creatures
  Menkaure (D:4)
  A necrophage (D:3)
  4 jellies (Sewer)
  A hound (D:3)
  Jessica (D:2)
  An iguana (D:4)
  An orc wizard (D:3)
  Robin (D:2)
  14 gnolls
  5 adders
  8 river rats
  2 dart slugs
  4 worms
  3 orcs (D:3)
  9 ball pythons
  3 bats
  17 endoplasms
  8 giant cockroaches
  11 goblins
  12 hobgoblins
  5 kobolds
  3 quokkas (D:1)
  5 frilled lizards
  7 rats
127 creatures vanquished.

Notes
Turn   | Place    | Note
-------+----------+-------------------------------------------
     0 | D:1      | OTABOTABOTAB the Octopode Transmuter began the quest for
                  | the Orb.
     0 | D:1      | Reached XP level 1. HP: 13/13 MP: 3/3
   128 | D:1      | Reached XP level 2. HP: 8/18 MP: 5/5
   131 | D:1      | Reached skill level 1 in Poison Magic
   132 | D:1      | HP: 3/18 [goblin/+0 dagger (3)]
   523 | D:1      | Reached XP level 3. HP: 15/23 MP: 6/6
  1275 | D:2      | Found Miuhiwk's Assorted Antiques.
  1316 | D:2      | Reached skill level 2 in Poison Magic
  1409 | D:2      | Reached XP level 4. HP: 28/28 MP: 7/7
  1411 | D:2      | Noticed Jessica
  1420 | D:2      | Killed Jessica
  1421 | D:2      | Reached skill level 3 in Transmutations
  1426 | D:2      | Learned a level 2 spell: Wereblood
  1430 | D:2      | Learned a level 3 spell: Spider Form
  1461 | D:2      | Noticed Robin
  1472 | D:2      | Killed Robin
  1839 | D:3      | Reached skill level 4 in Unarmed Combat
  1839 | D:3      | Reached XP level 5. HP: 31/33 MP: 8/8
  1842 | D:3      | Reached skill level 3 in Poison Magic
  2296 | D:3      | Reached skill level 4 in Transmutations
  2296 | D:3      | Reached XP level 6. HP: 25/38 MP: 9/9
  2373 | D:3      | Reached skill level 5 in Unarmed Combat
  2835 | D:3      | Found Otidaur's Book Boutique.
  2987 | D:4      | Found a glowing drain.
  2991 | Sewer    | Entered a sewer
  3111 | Sewer    | HP: 8/38 [river rat (6)]
  3392 | Sewer    | Reached XP level 7. HP: 28/43 MP: 10/10
  3471 | Sewer    | Reached skill level 5 in Transmutations
  3658 | Sewer    | Found a viscous altar of Jiyva.
  3672 | Sewer    | Learned a level 4 spell: Ice Form
  4145 | D:4      | Reached skill level 1 in Ice Magic
  4361 | D:4      | Found a shadowy altar of Dithmenos.
  4392 | D:4      | Noticed Menkaure
  4402 | D:4      | Killed Menkaure
  4403 | D:4      | Reached skill level 6 in Unarmed Combat
  4403 | D:4      | Reached skill level 2 in Ice Magic
  4807 | D:4      | HP: 9/43 [gnoll/+0 club (8)]
  4813 | D:4      | Slain by a gnoll

Illustrated notes

Levels and vault maps discovered:
D:1:      dpeg_arrival_boxorama, layout_basic
D:2:      layout_loops_ring, serial_shops, nicolae_shop_overgrown_old_shop,
          uniq_jessica, uniq_robin
D:3:      layout_loops_ring, serial_shops, shop
D:4:      layout_gridville, mainiacjoe_overflow_cross_hatched,
          gup_sewer_entry_bowl, uniq_menkaure

Skill      XL: |  1  2  3  4  5  6  7 |
---------------+----------------------+-----
Poison Magic   | 1 2 3 |  3.0
Transmutations | 3 4 5 |  5.6
Unarmed Combat | 4 5 6 |  6.2
Ice Magic      | 2 |  2.2
Fighting       | |  1.0
Dodging        | |  2.0
Spellcasting   | |  2.0

Action                   |  1- 3 |  4- 6 |  7- 9 || total
-------------------------+-------+-------+-------++-------
Melee: Unarmed           |    88 |   157 |    87 ||   332
       Tentacles         |    15 |    33 |       ||    48
       Constrict         |    15 |    39 |     1 ||    55
       Kick              |     7 |    37 |       ||    44
       Punch             |     2 |     6 |       ||     8
Throw: Stone             |     6 |       |       ||     6
 Cast: Beastly Appendage |    12 |    21 |       ||    33
       Wereblood         |       |     2 |       ||     2
       Spider Form       |       |     4 |    13 ||    17
       Ice Form          |       |       |     1 ||     1
 Abil: End Transformatio |    11 |    18 |    10 ||    39
  Use: Potion            |       |     1 |     1 ||     2
       Scroll            |       |       |     4 ||     4
 Stab: Sleeping          |     6 |     9 |       ||    15
Armor: Skin              |     2 |     7 |     6 ||    15
Dodge: Dodged            |    32 |    86 |    72 ||   190

Table legend: (Time is in decaauts)
 A = Elapsed time spent in this place.
 B = Non-inter-level travel time spent in this place.
 C = Inter-level travel time spent in this place.
 D = Time resting spent in this place.
 E = Time spent auto-exploring this place.
 F = Levels seen in this place.
 G = Mean time per level.
                   A        B        C        D        E       F      G
               +--------+--------+--------+--------+--------+-----+--------+
         Total |   4790 |   4736 |     54 |   1220 |   2628 |   5 |  958.0 |
       Dungeon |   3707 |   3653 |     54 |    618 |   2360 |   4 |  926.8 |
         Sewer |   1082 |   1082 |      0 |    602 |    268 |   1 | 1082.0 |
               +--------+--------+--------+--------+--------+-----+--------+

Top non-repeatable levels by time:
   Sewer: 1082 daAuts
     D:3: 1057 daAuts
     D:1: 1009 daAuts
     D:2: 822 daAuts
     D:4: 818 daAuts

Table legend:
 A = Kills in this place as a percentage of kills in entire the game.
 B = Kills by you in this place as a percentage of kills by you in the entire game.
 C = Kills by friends in this place as a percentage of kills by friends in the entire game.
 D = Other kills in this place as a percentage of other kills in the entire game.
 E = Experience gained in this place as a percentage of experience gained in the entire game.
 F = Experience gained in this place divided by the number of levels of this place that you have seen.
                   A       B       C       D       E      F
               +-------+-------+-------+-------+-------+----------------------
         Total | 100.0 | 100.0 |   N/A |   N/A | 100.0 | 226.6
       Dungeon |  76.4 |  76.4 |   N/A |   N/A |  72.6 | 205.8
         Sewer |  23.6 |  23.6 |   N/A |   N/A |  27.4 | 310.0
               +-------+-------+-------+-------+-------+----------------------
